General information
			
			
        
        - name: BNet
 
        - type: Ladder 1vs1/FFA
 
        - host: Battle.net
 
        - saver: uniball
 
        
map: MeltingValley 
        - players: 2
 
        - length: 11:56
 
        - speed: Fast
 - version: 1.22 W3XP
 - replay type:  Public
 
» download(43 KB)
Players
        team 1 (winner) 
              
              
uniball (
yellow | 143 APM | 1706 actions | 11:56)
              
 4 Archmage 
 2 Summon Water Elemental
 2 Brilliance Aura
 1 Mountain King 
 1 Storm Bolt
 
                » actions 
                
                | Assign group hotkey | 29 |  | 
| Basic commands | 29 |  | 
| Build / train | 53 |  | 
| Enter build submenu | 31 |  | 
| Enter hero's abilities submenu | 5 |  | 
| Give item / drop item | 1 |  | 
| Right click | 1014 |  | 
| Select / deselect | 229 |  | 
| Select group hotkey | 254 |  | 
| Use ability | 61 |  | 
                1706 total
 » units 
                » upgrades
                
                | Masonry | 2 |  | 
| Lumber Harvesting | 1 |  | 
                3 total
 » buildings
                
                | Altar of Kings | 1 |  | 
| Farm | 6 |  | 
| Barracks | 1 |  | 
| Lumber Mill | 1 |  | 
| Scout Tower | 11 |  | 
| Arcane Tower | 2 |  | 
| Town Hall | 1 |  | 
| Guard Tower | 9 |  | 
| Arcane Vault | 2 |  | 
| Keep | 2 |  | 
| Blacksmith | 1 |  | 
| Arcane Sanctum | 2 |  | 
| Castle | 1 |  | 
                40 total
 » build order
                00:07 Altar of Kings
00:12 Farm
00:20 Barracks
00:48 Farm
03:14 Farm
03:41 Farm
04:06 Lumber Mill
04:32 Scout Tower
04:59 Arcane Tower
05:16 Town Hall
05:30 Scout Tower
05:32 Scout Tower
05:44 Scout Tower
06:09 Arcane Tower
06:11 Scout Tower
06:25 Guard Tower
06:28 Guard Tower
06:55 Arcane Vault
06:56 Guard Tower
06:56 Guard Tower
06:58 Scout Tower
07:15 Arcane Vault
07:26 Guard Tower
07:36 Scout Tower
07:39 Scout Tower
08:00 Scout Tower
08:01 Scout Tower
08:01 Scout Tower
08:08 Guard Tower
08:09 Keep
08:10 Keep
08:37 Guard Tower
09:44 Guard Tower
09:46 Blacksmith
10:36 Arcane Sanctum
10:38 Arcane Sanctum
10:55 Farm
10:57 Farm
11:38 Castle
» items
                
                | Scroll of Regeneration | 2 |  | 
| Lesser Clarity Potion | 2 |  | 
                4 total
  
               team 2 (loser) 
              
              
The-Enemy (
purple | 40 APM | 471 actions | 11:54)
              
 2 Archmage 
 1 Blizzard
 1 Summon Water Elemental
 
                » actions 
                
                | Assign group hotkey | 17 |  | 
| Basic commands | 24 |  | 
| Build / train | 36 |  | 
| Enter build submenu | 14 |  | 
| Enter hero's abilities submenu | 2 |  | 
| Right click | 170 |  | 
| Select / deselect | 133 |  | 
| Select group hotkey | 39 |  | 
| Use ability | 36 |  | 
                471 total
 » units 
                
                | Peasant | 7 |  | 
| Footman | 7 |  | 
| Rifleman | 7 |  | 
| Goblin Sapper | 1 |  | 
                22 total
 » upgrades
                
                | Defend | 1 |  | 
| Swords | 1 |  | 
| Gunpowder | 1 |  | 
| Plating | 1 |  | 
                4 total
 » buildings
                
                | Altar of Kings | 1 |  | 
| Farm | 6 |  | 
| Arcane Vault | 1 |  | 
| Barracks | 2 |  | 
| Scout Tower | 1 |  | 
| Arcane Tower | 1 |  | 
| Blacksmith | 1 |  | 
| Town Hall | 1 |  | 
                14 total
 » build order
                00:03 Altar of Kings
00:10 Farm
01:15 Arcane Vault
01:38 Farm
03:03 Barracks
03:46 Barracks
03:54 Farm
03:58 Scout Tower
04:17 Farm
05:17 Arcane Tower
05:49 Blacksmith
07:35 Town Hall
07:54 Farm
07:58 Farm
» items
                
                | Staff of Teleportation | 1 |  | 
| Boots of Speed | 1 |  | 
| Scroll of Regeneration | 1 |  | 
| Lesser Clarity Potion | 3 |  | 
                6 total
  
                Chat log
          (00:03 / All) uniball: hello again
(11:54 / All) uniball: bye